 Dungeon Crawl Stone Soup version 0.29.1-4-g47bece8355 (webtiles) character file.

Game seed: 7095913108371218741

315 klnnlk the Cleaver (level 6, 0/76 HPs)
             Began as a Minotaur Berserker on Dec 3, 2022.
             Was a Believer of Trog.
             Succumbed to a scorpion's poison
             ... in an ossuary.
             The game lasted 00:05:28 (2542 turns).

klnnlk the Cleaver (Minotaur Berserker)             Turns: 2542, Time: 00:05:29

Health: 0/76       AC:  6    Str: 23    XL:     6   Next: 19%
Magic:  5/5        EV: 10    Int:  4    God:    Trog [**....]
Gold:   195        SH:  0    Dex: 10    Spells: 5/5 levels left

rFire   . . .      SeeInvis .   a - +0 hand axe
rCold   . . .      Faith    .   (no shield)
rNeg    . . .      Spirit   .   f - +0 scale mail
rPois   .          Reflect  .   (helmet restricted)
rElec   .          Harm     .   (no cloak)
rCorr   .          Rampage  .   (no gloves)
Will    .....                   (no boots)
Stlth   ..........              (no amulet)
HPRegen 0.22/turn               (no ring)
MPRegen 0.09/turn               (no ring)

@: berserking, lethally poisoned (0 -> -7), very quick
A: horns 2, retaliatory headbutt
a: Renounce Religion, Berserk, Trog's Hand


You were in an ossuary.
You worshipped Trog.
Trog was pleased with you.
You visited 1 branch of the dungeon, and saw 4 of its levels.
You also visited: Ossuary.

You collected 195 gold pieces.

Inventory:

Hand Weapons
 a - a +0 hand axe (weapon)
Missiles
 e - 3 atropa-tipped darts (quivered)
Armour
 b - a +0 animal skin
 f - a +0 scale mail (worn)
 h - a +0 kite shield
 i - a +0 chain mail
Jewellery
 t - an amulet of regeneration
Scrolls
 d - 2 scrolls of identify
 g - a scroll of teleportation {unknown}
 k - a scroll of enchant armour {unknown}
 l - a scroll of immolation {unknown}
 n - a scroll of silence {unknown}
 r - a scroll of fear {unknown}
 s - a scroll of enchant weapon {unknown}
Potions
 c - a potion of attraction
 j - a potion of lignification {unknown}
 m - a potion of heal wounds {unknown}
 p - a potion of invisibility {unknown}
 q - a potion of might {unknown}


   Skills:
 - Level 3.6 Fighting
 + Level 8.2 Axes
 - Level 2.4 Armour
 - Level 2.1 Dodging
 + Level 1.1 Stealth


You had 5 spell levels left.
You didn't know any spells.
Your spell library was empty.

Dungeon Overview and Level Annotations

Branches:
Dungeon (4/15)            Ossuary (1/1)
 Temple: D:4-7

Altars:


Innate Abilities, Weirdness & Mutations

You have a pair of horns on your head.
You reflexively headbutt those who attack you in melee.


Message History

The scorpion poisons you! The scorpion zombie hits you.
* * * LOW HITPOINT WARNING * * *
The centaur zombie misses you.
The centaur zombie kicks you but does no damage.
Okay, then.
A red film seems to cover your vision as you go berserk!
You feel yourself moving faster!
You feel mighty!
* * * LOW HITPOINT WARNING * * *
You feel very sick. The scorpion barely misses you. You furiously retaliate!
You headbutt the scorpion!
You kill the scorpion!
Trog accepts your kill. The scorpion zombie hits you.
* * * LOW HITPOINT WARNING * * *
The centaur zombie closely misses you.
The centaur zombie kicks you but does no damage.
Your Axes skill increases to level 8!
You have reached level 6!
You slash the scorpion zombie!
The scorpion zombie is almost destroyed.
You hit the centaur zombie. You barely miss the human zombie.
* * * LOW HITPOINT WARNING * * *
You feel sick. The scorpion zombie closely misses you.
The centaur zombie hits you but does no damage.
The centaur zombie kicks you but does no damage.
The human zombie hits you.
* * * LOW HITPOINT WARNING * * *
You slash the human zombie! Your headbutt misses the human zombie.
The human zombie is moderately damaged.
You barely miss the centaur zombie. You hit the scorpion zombie.
You destroy the scorpion zombie!
Trog accepts your kill.
* * * LOW HITPOINT WARNING * * *
You feel sick. The centaur zombie closely misses you.
The centaur zombie kicks you but does no damage.
You slash the human zombie! Your headbutt misses the human zombie.
The human zombie is heavily damaged.
You slash the centaur zombie!
You die...

#####################
#...#...#...#Z..#!.?#
#.∩.#...8...@...#M.?+
#...#.......#Z..#=?!#
##'###8...8###'######
#...#†......#...#
#.∩.'...8...#...8...#
#...#...#...#.......#
##############8...8##
.......# ...8...#


You could see a mummy, a centaur zombie and a human zombie.

Vanquished Creatures
  2 scorpions (Ossuary)
  A centaur zombie (Ossuary)
  A scorpion zombie (Ossuary)
  5 adders
  2 worms (D:2)
  5 dart slugs
  4 orcs (D:3)
  4 bats
  7 endoplasms
  2 giant cockroaches
  6 goblins
  6 hobgoblins
  12 jackals
  11 kobolds
  3 quokkas
  A ball python (D:1)
  4 frilled lizards
  An orc zombie (Ossuary)
  3 rats
80 creatures vanquished.

Vanquished Creatures (others)
  3 plants (D:2)
3 creatures vanquished.

Grand Total: 83 creatures vanquished

Notes
Turn   | Place    | Note
-------+----------+-------------------------------------------
     0 | D:1      | klnnlk the Minotaur Berserker began the quest for the Orb.
     0 | D:1      | Reached XP level 1. HP: 19/19 MP: 0/0
    35 | D:1      | Reached skill level 4 in Axes
   140 | D:1      | Reached XP level 2. HP: 26/26 MP: 1/1
   392 | D:1      | Reached skill level 5 in Axes
   423 | D:1      | Reached XP level 3. HP: 31/31 MP: 2/2
   430 | D:1      | Reached ** piety under Trog
   989 | D:2      | Reached XP level 4. HP: 31/39 MP: 3/3
  1137 | D:2      | Reached skill level 6 in Axes
  2382 | D:3      | Reached XP level 5. HP: 42/45 MP: 4/4
  2477 | D:4      | Found a sand-covered staircase.
  2486 | Ossuary  | Entered an ossuary
  2505 | Ossuary  | Reached skill level 7 in Axes
  2507 | Ossuary  | Reached skill level 1 in Stealth
  2540 | Ossuary  | Reached skill level 8 in Axes
  2540 | Ossuary  | Reached XP level 6. HP: 11/51 MP: 5/5
  2540 | Ossuary  | HP: 3/76 [human zombie (6)]
  2542 | Ossuary  | Succumbed to a scorpion's poison

Illustrated notes

Levels and vault maps discovered:
D:1:      minmay_arrival_open_corners, layout_basic
D:2:      cheibrodos_helix_gallery, layout_basic, serial_forest,
          infiniplex_forest_lined_room_2, infiniplex_forest_clump_diagonal,
          infiniplex_forest_end_3, infiniplex_forest_straight_1,
          infiniplex_forest_end_3
D:3:      layout_loops_corners, minivault_25
D:4:      layout_loops_ring, biasface_ghost_orc_armoury,
          nicolae_ossuary_entry_ruins
Ossuary:  ossuary_minmay_scorpions

Skill      XL: |  1  2  3  4  5 |
---------------+----------------+-----
Axes           | 4 5 6 8 |  8.2
Stealth        | 1 |  1.1
Fighting       | |  3.6
Armour         | |  2.4
Dodging        | |  2.1

Action                   |  1- 3 |  4- 6 || total
-------------------------+-------+-------++-------
Melee: Hand axe          |    80 |   107 ||   187
       Headbutt          |    15 |    10 ||    25
       Punch             |       |     1 ||     1
Invok: Berserk           |       |     1 ||     1
  Use: Scroll            |       |     2 ||     2
       Potion            |       |     2 ||     2
Armor: Animal skin       |     6 |       ||     6
       Scale mail        |    11 |    59 ||    70
Dodge: Dodged            |    52 |    58 ||   110
